 Dungeon Crawl Stone Soup version 0.27.0-1-g7a089689b8 (webtiles) character file.

Game seed: 1437119217803235178

76 Sin92 the Skirmisher (level 4, -4/35 HPs)
             Began as a Demonspawn Fighter on Aug 14, 2021.
             Killed from afar by an orc wizard (6 damage)
             ... with a magic dart
             ... on level 3 of the Dungeon.
             The game lasted 00:01:26 (1865 turns).

Sin92 the Skirmisher (Demonspawn Fighter)           Turns: 1865, Time: 00:01:26

Health: -4/35      AC:  6    Str: 16    XL:     4   Next: 12%
Magic:  4/4        EV:  7    Int:  9    God:
Gold:   67         SH:  0    Dex: 14    Spells: 3/3 levels left

rFire    . . .     SeeInvis .   a - +0 long sword
rCold    . . .     Faith    .   c - +0 kite shield
rNeg     . . .     Spirit   .   b - +0 scale mail
rPois    .         Reflect  .   (no helmet)
rElec    .         Harm     .   (no cloak)
rCorr    .         Rampage  .   (no gloves)
Will     .....                  (no boots)
Stlth    ..........             (no amulet)
HPRegen  0.11/turn              (no ring)
MPRegen  0.09/turn              (no ring)

@: confused, mighty
A: claws 2, powered by death 1
a: no special abilities


You were on level 3 of the Dungeon.
You visited 1 branch of the dungeon, and saw 3 of its levels.

You collected 67 gold pieces.

Inventory:

Hand Weapons
 a - a +0 long sword (weapon)
Armour
 b - a +0 scale mail (worn)
 c - a +0 kite shield (worn)
Jewellery
 j - an amulet of the acrobat
Scrolls
 e - 2 scrolls of teleportation {unknown}
 f - a scroll of blinking {unknown}
 h - 2 scrolls of fear {unknown}
 k - 3 scrolls of identify {unknown}
Potions
 d - a potion of might
 g - 3 potions of curing {unknown}
 i - a potion of brilliance {unknown}
 l - a potion of degeneration {unknown}


   Skills:
 + Level 3.4 Fighting
 * Level 2.7 Long Blades
 + Level 3.0 Armour
 + Level 1.2 Dodging
 + Level 3.0 Shields


You had 3 spell levels left.
You didn't know any spells.
Your spell library was empty.

Dungeon Overview and Level Annotations

Branches:
Dungeon (3/15)

Altars:


Innate Abilities, Weirdness & Mutations

You have very sharp fingernails.
You regenerate a little health from kills.


Message History

Something hits you but does no damage.
Unknown command.
An orc is nearby!
You are too injured to fight recklessly!
An orc is nearby!
Unknown command.
You are too injured to fight recklessly!
You are too injured to fight recklessly!
An orc is nearby!
Unknown command.
An orc is nearby!
Unknown command.
You are too injured to fight recklessly!
You feel very mighty all of a sudden. You block the orc's attack.
You block something's attack. x2
You slash the orc!
You kill the orc!
Something hits you.
Something hits you but does no damage. x2
You closely miss something. Something hits you.
Something hits you but does no damage. x2
You closely miss something. You block something's attack.
Something hits you but does no damage.
A hobgoblin comes into view.
Something hits you but does no damage.
You slash something! Something hits you but does no damage.
Something hits you. x2
* * * LOW HITPOINT WARNING * * *
Unknown command.
You miss something. You block something's attack.
You hear some strange, mumbled words.
You are confused.
Something hits you but does no damage.
You miss something. Something hits you but does no damage.
You hear some strange, mumbled words.
A magic dart appears from out of thin air!
The magic dart hits you!
* * * LOW HITPOINT WARNING * * *
You hear some strange, mumbled words.
A magic dart appears from out of thin air!
The magic dart hits you.
You die...

..............# ......
#.......##..# ......#
###.#)..##.....
...........#...#.##.####
......................>.
....g.. ...###.#.#####.#
....... #..###.#.......#
......{##..........#####
......{@................
.......)†........#.....#
.......$.........###.###
#######............#.#
#..........#.#.# #
#..........#.#<# #
#..........#.#####
############......
#######


You could see a hobgoblin.

Vanquished Creatures
  An adder (D:2)
  A dart slug (D:1)
  3 orcs (D:3)
  9 bats
  5 endoplasms
  4 goblins
  6 hobgoblins
  4 quokkas
  3 ball pythons
  2 frilled lizards
  3 kobolds
  22 rats
63 creatures vanquished.

Notes
Turn   | Place    | Note
-------+----------+-------------------------------------------
     0 | D:1      | Sin92 the Demonspawn Fighter began the quest for the Orb.
     0 | D:1      | Reached XP level 1. HP: 18/18 MP: 1/1
    57 | D:1      | Gained mutation: You have sharp fingernails. [demonic
                  | ancestry]
    57 | D:1      | Reached XP level 2. HP: 24/24 MP: 2/2
   824 | D:2      | Gained mutation: You have very sharp fingernails. [demonic
                  | ancestry]
   824 | D:2      | Reached XP level 3. HP: 29/29 MP: 3/3
  1330 | D:2      | Reached skill level 1 in Dodging
  1777 | D:3      | Gained mutation: You regenerate a little health from kills.
                  | [demonic ancestry]
  1777 | D:3      | Reached XP level 4. HP: 34/35 MP: 4/4
  1865 | D:3      | Killed from afar by an orc wizard

Illustrated notes

Levels and vault maps discovered:
D:1:      minmay_arrival_jagged, layout_basic
D:2:      layout_loops_ring, minmay_misc_feat_doors, hex_tiny, minmay_rat_hole
D:3:      layout_basic, chequers_arboretum

Skill      XL: |  1  2  3 |
---------------+----------+-----
Long Blades    | 2 |  2.7
Dodging        | 1 |  1.2
Armour         | 3 |  3.0
Shields        | 3 |  3.0
Fighting       | |  3.4

Action                   |  1- 3 |  4- 6 || total
-------------------------+-------+-------++-------
Melee: Long sword        |   176 |    18 ||   194
  Use: Potion            |       |     1 ||     1
Armor: Scale mail        |   106 |    23 ||   129
Dodge: Dodged            |    76 |     8 ||    84
Block: Kite shield       |   121 |    14 ||   135
       Rpst.: Long sword |    21 |     3 ||    24
